 Dungeon Crawl Stone Soup version 0.32-a0-909-gc671339a80 (webtiles) character file.

Game seed: 4831009327294971702

25 Griffin23 the Covered (level 2, 27/27 HPs)
             Began as a Minotaur Fighter on Apr 6, 2024.
             Was a Follower of Lugonu.
             Quit the game on level 1 of the Dungeon.
             The game lasted 00:00:47 (639 turns).

Griffin23 the Covered (Minotaur Fighter)             Turns: 639, Time: 00:00:47

Health: 27/27      AC:  7    Str: 20    XL:     2   Next: 86%
Magic:  1/1        EV:  8    Int:  5    God:    Lugonu [*.....]
Gold:   20         SH:  4    Dex:  9    Spells: 1/1 levels left

rFire   . . .        a - +0 long sword
rCold   . . .        c - +0 buckler
rNeg    . . .        b - +0 scale mail
rPois   .            (helmet restricted)
rElec   .            (no cloak)
rCorr   .            (no gloves)
SInv    .            (no boots)
Will    .....        (no amulet) Stlth
                     (no ring)
HPRegen 0.24/turn    (no ring)
MPRegen 0.07/turn

%: no passive effects
@: no status effects
A: horns 2, retaliatory headbutt
a: Renounce Religion, Depart the Abyss


You were on level 1 of the Dungeon.
You worshipped Lugonu.
Lugonu was aware of your devotion.
You visited 1 branch of the dungeon, and saw 1 of its levels.

You collected 20 gold pieces.

Inventory:

Hand Weapons
 a - a +0 long sword (weapon)
Armour
 b - a +0 scale mail (worn)
 c - a +0 buckler (worn)
Jewellery
 g - a ring of poison resistance
Scrolls
 e - a scroll of identify {unknown}
 f - 3 scrolls of teleportation {unknown}
Potions
 d - a potion of might


   Skills:
 + Level 4.0 Fighting
 * Level 3.0 Long Blades
 + Level 4.0 Armour
 + Level 4.0 Shields


You had one spell level left.
You didn't know any spells.
Your spell library contained the following spells:

 Spells                   Type           Power      Damage    Failure   Level
 Kiss of Death            Conj/Necr      0%         2d5       88%         1
 Confusing Touch          Hex            0%         N/A       99%         3
 Dispel Undead            Necr           0%         3d6       100%        4


Dungeon Overview and Level Annotations

Branches:
Dungeon (1/15)

Altars:
Lugonu


Innate Abilities, Weirdness & Mutations

You have a pair of horns on your head.
You reflexively headbutt those who attack you in melee.


Message History

There is an open door here.
There is an open door here.
Key pressed, stopping explore.
No target in view!
Key pressed, stopping explore.
No target in view!
No target in view!
There is an open door here.
f - 3 scrolls labelled WUQ BUBBIM (gained 2)
You open the door.
A ball python and an endoplasm come into view.
The ball python hisses angrily.
Found a stone staircase leading down.
The ball python bites you but does no damage.
You block the ball python's attack.
There is an open door here.
There are monsters nearby!
You hit the ball python. You headbutt the ball python.
The ball python is severely wounded.
The ball python closely misses you. The ball python barely misses you.
There are monsters nearby!
You closely miss the ball python.
The ball python is severely wounded.
The ball python closely misses you. The ball python barely misses you. x2
You slash the ball python!
You kill the ball python!
The endoplasm closely misses you. You furiously retaliate!
You headbutt the endoplasm.
You kill the endoplasm!
Your Long Blades skill increases to level 3!
Your Shields skill increases to level 4!
There is an open door here.
There is an open door here.
There is a faded altar of an unknown god here.
This altar belongs to (a) Nemelex Xobeh, (b) Ru or (c) Lugonu, but you can't tell which.
Press the corresponding letter to learn more about a god, or press enter to convert or escape to cancel.
Lugonu accepts your prayer! Lugonu welcomes you!
You can now depart the Abyss.
Okay, then.
Are you sure you want to abandon this character and quit the game? (Confirm with "yes".)

############ ##..........##
##..♣♣♣♣♣♣.#..# ##..♣♣.P♣÷♣..#.#
# ##..♣♣PP#####.#.####
#..♣♣P.P#...#.......
#.♣♣PPPP#...♣.....##
#.♣@....'.ß.'.###.## ..#
#.♣♣♣PP.#...♣.# #.## #.#
#..♣♣PPP#...#.# #... +# #.#
##.(♣♣PP#####.# #### ..# #.#
##..♣♣.♣♣÷♣..# ## ...# #.###
##..♣♣♣♣♣♣..#####. ....# #.#.####
##...............
.....###......####........####...
.....'.......................+...


There were no monsters in sight!

Vanquished Creatures
  3 endoplasms (D:1)
  A giant cockroach (D:1)
  6 hobgoblins (D:1)
  3 ball pythons (D:1)
  A bat (D:1)
  A frilled lizard (D:1)
  5 kobolds (D:1)
  4 rats (D:1)
24 creatures vanquished.

Notes
Turn   | Place    | Note
-------+----------+-------------------------------------------
     0 | D:1      | Griffin23 the Minotaur Fighter began the quest for the Orb.
     0 | D:1      | Reached XP level 1. HP: 19/19 MP: 0/0
   207 | D:1      | Reached XP level 2. HP: 25/27 MP: 1/1
   557 | D:1      | Found a faded altar of an unknown god.
   638 | D:1      | Prayed at the altar of an unknown god.
   638 | D:1      | Became a worshipper of Lugonu the Unformed
   638 | D:1      | Reached * piety under Lugonu
   639 | D:1      | Quit the game

Illustrated notes

Levels and vault maps discovered:
D:1:      dpeg_arrival_another_circle, layout_loops_corners,
          dilly_ecumenical_altar_fadedgnrine, chequers_serial_rivers_small_a,
          hangedman_decor_points

Skill      XL: |  1  2 |
---------------+-------+-----
Fighting       | 4 |  4.0
Armour         | 4 |  4.0
Long Blades    | 3 |  3.0
Shields        | 4 |  4.0

Action                     || total
---------------------------++-------
  Melee: Long sword        ||    48
         Headbutt          ||     4
 Armour: Scale mail        ||    44
  Dodge: Dodged            ||    16
  Block: Buckler           ||     6

Table legend: (Time is in decaauts)
 A = Elapsed time spent in this place.
 B = Non-inter-level travel time spent in this place.
 C = Inter-level travel time spent in this place.
 D = Time resting spent in this place.
 E = Time spent auto-exploring this place.
 F = Levels seen in this place.
 G = Mean time per level.
                   A        B        C        D        E       F      G
               +--------+--------+--------+--------+--------+-----+--------+
         Total |    654 |    620 |     34 |      0 |    493 |   1 |  654.0 |
       Dungeon |    654 |    620 |     34 |      0 |    493 |   1 |  654.0 |
               +--------+--------+--------+--------+--------+-----+--------+

Top non-repeatable levels by time:
     D:1: 654 daAuts
